 Dungeon Crawl Stone Soup version 0.26-a0-572-g753d7e3450 (webtiles) character file.

Game seed: 10546581265352911103

68550 GeoCrane the Tortoise (level 14, -8/135 HPs)
             Began as a Minotaur Berserker on Aug 21, 2020.
             Was a High Priest of Trog.
             Mangled by an ettin
             ... wielding a +2 vorpal great mace
              (21 damage)
             ... on level 1 of the Orcish Mines.
             The game lasted 02:19:35 (22698 turns).

GeoCrane the Tortoise (Minotaur Berserker)         Turns: 22698, Time: 02:19:36

Health: -8/135     AC: 28    Str: 35    XL:     14   Next: 87%
Magic:  13/13      EV: 25    Int:  4    God:    Trog [*****.]
Gold:   1896       SH:  9    Dex: 10    Spells: 13/13 levels left

rFire    x . .     SeeInvis .   S - +4 hand axe (flame)
rCold    . . .     Faith    .   w - +3 buckler {AC+3}
rNeg     + + .     Spirit   .   P - +4 plate armour
rPois    +         Reflect  .   (helmet restricted)
rElec    +         Harm     .   (no cloak)
rCorr    .         NoCast   +   K - +0 pair of gloves of Death Resistance {-Cast rPois rN++}
MR       ++++.                  x - +0 pair of boots
Stlth    ..........             a - amulet "Zaliorr" {Acrobat rElec rPois rF- Str+8}
HPRegen  1.32/turn              J - ring of protection from magic
MPRegen  0.13/turn              m - +4 ring of slaying

@: lethally poisoned (-8 -> -9), acrobat, regenerating (expiring)
A: retaliatory headbutt, horns 2
a: Berserk, Trog's Hand, Brothers in Arms, Renounce Religion


You were on level 1 of the Orcish Mines.
You worshipped Trog.
Trog was extremely pleased with you.
You visited 5 branches of the dungeon, and saw 22 of its levels.
You also visited: Sewer and Gauntlet.

You collected 1896 gold pieces.

Inventory:

Hand Weapons
 S - a +4 hand axe of flaming (weapon)
Missiles
 g - 6 datura-tipped darts
 v - 31 poisoned darts (quivered)
 A - 3 throwing nets
Armour
 w - a +3 buckler of protection (worn)
 x - a +0 pair of boots (worn)
 K - the +0 pair of gloves of Death Resistance (worn) {-Cast rPois rN++}
   (You found it in a Gauntlet)

   It protects you from poison.
   It greatly protects you from negative energy.
   It prevents spellcasting.
 P - a +4 plate armour (worn)
Jewellery
 a - the amulet "Zaliorr" (around neck) {Acrobat rElec rPois rF- Str+8}
   (You acquired it on level 2 of the Lair of Beasts)

   [amulet of the acrobat]

   It helps you evade while moving and waiting.
   It affects your strength (+8).
   It makes you vulnerable to fire.
   It insulates you from electricity.
   It protects you from poison.
 m - a +4 ring of slaying (right hand)
 y - a +6 ring of strength {unknown}
 z - an uncursed ring of protection from cold
 J - a ring of protection from magic (left hand)
 T - an uncursed ring of stealth {unknown}
 W - an uncursed ring of protection from cold
Wands
 c - a wand of enslavement (8)
 r - a wand of acid (57)
 t - a wand of flame (30)
 u - a wand of polymorph (46)
 D - a wand of iceblast (16)
 M - a wand of digging (16)
 N - a wand of random effects (11)
 Y - a wand of disintegration (12)
Scrolls
 b - a scroll of enchant weapon
 e - 2 scrolls of holy word
 f - a scroll of acquirement
 h - 7 scrolls of teleportation
 j - 3 scrolls of fear
 l - 11 scrolls of remove curse
 p - 5 scrolls of fog
 q - 6 scrolls of identify
 s - a scroll of magic mapping
 B - a scroll of silence
 C - a scroll of vulnerability
 F - a scroll of brand weapon
 L - a scroll of summoning
 O - a scroll of enchant armour
Potions
 d - 3 potions of might
 i - 4 potions of flight
 k - 9 potions of curing
 n - 5 potions of haste
 o - 5 potions of heal wounds
 E - 2 potions of lignification {unknown}
 G - a potion of berserk rage
 R - a potion of experience {unknown}
Miscellaneous
 H - a box of beasts (3/3)
 I - a condenser vane (inert)
 Q - a phantom mirror
 X - a phial of floods


   Skills:
 + Level 15.2 Fighting
 - Level 16.0 Axes
 - Level 6.0 Throwing
 + Level 17.3 Armour
 + Level 3.8 Dodging
 + Level 10.3 Shields
 + Level 2.3 Evocations


You had 13 spell levels left.
You didn't know any spells.
Your spell library contained the following spells:

 Spells                   Type           Power        Failure   Level
 Ignite Poison            Fire/Tmut/Pois #.......     100%        3
 Fireball                 Conj/Fire      #.........   100%        5
 Starburst                Conj/Fire      #.........   100%        6
 Ignition                 Fire           #.........   100%        8


Dungeon Overview and Level Annotations

Branches:
Dungeon (12/15)            Temple (1/1) D:6            Lair (6/6) D:10
 Shoals (0/4) Lair:4        Snake (1/4) Lair:4        Slime (0/5) Lair:5
    Orc (2/2) D:12          Sewer (visited)         Gauntlet (visited)
    Elf: Orc:2

Altars:
Ashenzari
Cheibriados
Dithmenos
Elyvilon
Fedhas
Gozag
Hepliaklqana
Kikubaaqudgha
Makhleb
Nemelex Xobeh
Okawaru
Qazlal
Ru
Sif Muna
Trog
Uskayaw
Vehumet
Wu Jian
Xom
Yredelemnul
Zin
The Shining One
Beogh
Jiyva

Shops:
D:10 *   Orc:2 (


Innate Abilities, Weirdness & Mutations

You reflexively headbutt those who attack you in melee.
You have a pair of horns on your head.


Message History

The fungus begins to die.
The fungus is engulfed in freezing vapours.
The fungus begins to die.
The cyclops hits the fungus!!
The fungus begins to die.
The orc knight is engulfed in freezing vapours.
You kill the orc knight!
Trog accepts your kill.
The ettin hits you with a +1 dire flail of venom!!
* * * LOW HITPOINT WARNING * * *
The ettin hits you with a +2 dire flail of protection!!
* * * LOW HITPOINT WARNING * * *
You climb upwards.
There is a stone staircase leading down here.
Press: ? - help, v - describe, . - travel A stone staircase leading down.
Unknown command.
You feel the effects of Trog's Hand fading.
You feel sick.
The ettin hits you with a +2 vorpal great mace!!
You die...

##.#.## #..........
#.....#####....#.#...
##.#..#.#............
#......^.............
##..................#.
####.......>............#
##.###................#.##
#..^#.....CC...........###
#....#..≈@.≈≈............#
##........≈≈≈≈≈......##....
#...#...≈≈≈≈≈≈≈≈.....#.#...
##...##..≈≈###≈≈.........#.#
#.....#..≈≈# #≈≈.........###
##.#.....≈≈###≈≈........##
###....≈≈≈≈≈≈≈........##
##.......≈≈≈≈...)..### ##
#.......≈≈≈.≈)).))<### ##.


You could see 2 ettins.

Vanquished Creatures
  Harold (Orc:1)
  3 naga warriors (Snake:1)
  7 hydras
  Erolcha (D:12)
  A catoblepas (Lair:6)
  4 anacondas (Snake:1)
  3 death yaks
  A deep troll shaman (Lair:6)
  A naga sharpshooter (Snake:1)
  3 shock serpents (Snake:1)
  Nergalle (Lair:3)
  A sixfirhy (Gauntlet)
  A wizard (Gauntlet)
  A naga ritualist (Snake:1)
  An orc knight (Orc:2)
  A lindwurm (Lair:4)
  Pikel (D:4)
  An ugly thing (D:11)
  A mana viper (Snake:1)
  A manticore (Lair:4)
  4 cyclopes
  2 salamanders (Snake:1)
  A moth of wrath (Lair:6)
  16 black mambas
  2 torpor snails (Lair:3)
  Maurice (Orc:1)
  A guardian serpent (Snake:1)
  12 elephants
  2 naga magi (Snake:1)
  Psyche (D:8)
  7 cane toads
  2 rime drakes
  5 komodo dragons
  A hellion (Gauntlet)
  A minotaur zombie (Gauntlet)
  A polar bear (Lair:6)
  2 trolls
  Grinder (D:5)
  4 dream sheep (Lair:3)
  4 hippogriffs
  13 blink frogs
  A wraith (D:12)
  44 yaks
  A vampire (D:12)
  A basilisk (Lair:4)
  A steam dragon (Lair:4)
  5 vampire mosquitoes
  4 wargs
  5 nagas (Snake:1)
  3 swamp worms (Lair:6)
  Duvessa (D:5)
  A hell hound (Gauntlet)
  11 porcupines
  10 water moccasins
  4 black bears
  9 orc warriors
  4 sky beasts
  5 ice beasts
  6 ogres
  2 phantoms
  17 wolves
  4 centaurs
  4 lemures
  13 crocodiles
  11 bullfrogs
  Dowan (D:5)
  5 killer bees (D:8)
  4 scorpions
  17 wights
  3 electric eels
  3 bullfrog zombies
  4 howler monkeys
  A centaur zombie (D:7)
  3 jellies
  3 quasits
  13 orc priests
  2 bullfrog skeletons (D:5)
  5 hounds
  16 orc wizards
  Jessica (D:2)
  4 iguanas
  8 worker ants
  A hound skeleton (D:7)
  A worker ant zombie (D:6)
  6 gnolls
  23 adders
  3 river rats (D:4)
  5 shadow imps
  6 white imps
  3 ufetubi
  An adder zombie (D:8)
  4 adder skeletons
  2 worms
  A dart slug (D:4)
  7 leopard geckos
  71 orcs
  9 giant cockroaches
  A goblin (D:2)
  6 hobgoblins
  8 jackals
  14 quokkas
  5 ball pythons
  14 bats
  6 frilled lizards
  3 kobolds (D:3)
  2 quokka skeletons
  A quokka zombie (D:5)
  9 rats
  A fungus (Lair:6)
591 creatures vanquished.

Vanquished Creatures (collateral kills)
  Aizul (Snake:1)
  A minotaur (Gauntlet)
  2 hydras
  2 two-headed ogres
  3 death yaks
  An ugly thing (D:12)
  A black mamba (Snake:1)
  3 yaks (Lair:1)
  A necrophage (D:9)
  A wight (D:12)
  2 howler monkeys (D:10)
  An orc wizard (D:10)
  An iguana (D:11)
  A worker ant (D:9)
  4 orcs
25 creatures vanquished.

Vanquished Creatures (others)
  A gargoyle (D:11)
  18 fungi
  35 plants
54 creatures vanquished.

Grand Total: 670 creatures vanquished

Notes
Turn   | Place    | Note
-------+----------+-------------------------------------------
     0 | D:1      | GeoCrane the Minotaur Berserker began the quest for the
                  | Orb.
     0 | D:1      | Reached XP level 1. HP: 19/19 MP: 0/0
   266 | D:1      | Reached XP level 2. HP: 24/27 MP: 1/1
  1040 | D:2      | Reached skill level 3 in Armour
  1040 | D:2      | Reached XP level 3. HP: 33/33 MP: 2/2
  1065 | D:2      | Noticed Jessica
  1187 | D:2      | Killed Jessica
  1187 | D:2      | Reached skill level 5 in Axes
  1187 | D:2      | Reached XP level 4. HP: 40/40 MP: 3/3
  1267 | D:2      | Reached ** piety under Trog
  1949 | D:3      | Reached XP level 5. HP: 46/47 MP: 4/4
  2070 | D:3      | Found a blossoming altar of Fedhas.
  2080 | D:3      | Found a stormy altar of Qazlal.
  2274 | D:3      | Reached skill level 4 in Armour
  2719 | D:4      | Reached *** piety under Trog
  2778 | D:4      | Found a glowing drain.
  2838 | Sewer    | Entered a sewer
  2843 | Sewer    | Reached skill level 5 in Fighting
  2899 | Sewer    | Noticed a crocodile
  2911 | Sewer    | Killed a crocodile
  2911 | Sewer    | Reached XP level 6. HP: 56/56 MP: 5/5
  3132 | D:4      | Reached skill level 5 in Armour
  3136 | D:4      | Reached XP level 7. HP: 53/61 MP: 6/6
  3190 | D:4      | Found a sacrificial altar of Ru.
  3339 | D:4      | Found a hazy altar of Hepliaklqana.
  3342 | D:4      | Found a basalt altar of Yredelemnul.
  3345 | D:4      | Found a bloodstained altar of Trog.
  3348 | D:4      | Found a hide-covered altar of Uskayaw.
  3688 | D:5      | Entered Level 5 of the Dungeon
  3719 | D:5      | Noticed Grinder
  3797 | D:5      | Noticed Duvessa
  3798 | D:5      | Paralysed by Grinder for 3 turns
  3800 | D:5      | Noticed Dowan
  3805 | D:5      | Killed Grinder
  4021 | D:5      | Noticed Pikel
  4178 | D:5      | Killed Duvessa
  4178 | D:5      | Reached skill level 6 in Armour
  4178 | D:5      | Reached XP level 8. HP: 71/71 MP: 7/7
  4194 | D:5      | Killed Dowan
  4413 | D:6      | Reached **** piety under Trog
  4902 | D:5      | Got a transparent ring mail
  4913 | D:5      | Identified the +3 ring mail of Damp Intercession {rF- rN+++
                  | Slay+6} (You found it on level 5 of the Dungeon)
  5041 | D:5      | Got a translucent war axe
  5042 | D:5      | Identified the cursed +2 war axe "Fumauh" {antimagic, +Rage
                  | rC- Dex+5 Stlth+} (You found it on level 5 of the Dungeon)
  5215 | D:4      | Killed Pikel
  5215 | D:4      | Reached skill level 10 in Axes
  5215 | D:4      | Reached skill level 7 in Armour
  5215 | D:4      | Reached XP level 9. HP: 34/81 MP: 2/8
  5678 | D:6      | Found a staircase to the Ecumenical Temple.
  6101 | D:7      | Reached skill level 8 in Armour
  6356 | D:7      | Found a white marble altar of Elyvilon.
  7215 | D:8      | Noticed a two-headed ogre
  7510 | D:8      | Found a glowing silver altar of Zin.
  7510 | D:8      | Noticed an angel
  7511 | D:8      | Found a shimmering altar of Xom.
  7534 | D:8      | Reached ***** piety under Trog
  7534 | D:8      | Reached skill level 9 in Armour
  7565 | D:8      | Reached XP level 10. HP: 90/91 MP: 3/9
  7848 | D:9      | Noticed Psyche
  7853 | D:8      | Killed Psyche
  7865 | D:8      | Killed a two-headed ogre
  8110 | D:9      | Noticed a two-headed ogre
  8115 | D:9      | Killed a two-headed ogre
  8123 | D:9      | Reached skill level 10 in Fighting
  8354 | D:10     | Entered Level 10 of the Dungeon
  8403 | D:10     | Found a staircase to the Lair.
  8551 | D:10     | Reached skill level 10 in Armour
  8669 | D:10     | Found Kasmuh's Assorted Antiques.
  9101 | D:11     | Killed a gargoyle
  9329 | D:11     | Received a gift from Trog
  9425 | D:11     | Reached XP level 11. HP: 82/101 MP: 3/10
  9558 | D:11     | Noticed a brown ugly thing
  9566 | D:11     | Killed a brown ugly thing
  9803 | D:11     | Noticed a five-headed hydra
  9816 | D:11     | Killed a five-headed hydra
 10314 | D:12     | Noticed a brown ugly thing
 10328 | D:12     | Killed a brown ugly thing
 10501 | D:12     | Noticed Erolcha
 10517 | D:12     | Killed Erolcha
 10517 | D:12     | Reached skill level 15 in Axes
 10517 | D:12     | Reached skill level 11 in Armour
 10649 | D:12     | Found a staircase to the Orcish Mines.
 10978 | Orc:1    | Entered Level 1 of the Orcish Mines
 11350 | Temple   | Entered the Ecumenical Temple
 11632 | Lair:1   | Entered Level 1 of the Lair of Beasts
 12181 | Lair:1   | Got a twisted ring mail
 12192 | Lair:1   | Identified the +0 ring mail of Slovenliness {+Inv} (You
                  | found it on level 1 of the Lair of Beasts)
 12615 | Lair:1   | Reached XP level 12. HP: 108/112 MP: 11/11
 12767 | Lair:1   | Reached skill level 12 in Armour
 13060 | Lair:2   | Reached skill level 1 in Shields
 13632 | Lair:2   | You fall into a shaft and drop 2 floors!
 13720 | Lair:3   | Noticed a death yak
 13721 | Lair:3   | Noticed a death yak
 13723 | Lair:3   | Noticed a seven-headed hydra
 13741 | Lair:3   | Killed a death yak
 13744 | Lair:3   | Killed a death yak
 13744 | Lair:3   | Reached skill level 1 in Throwing
 13908 | Lair:3   | Found a gate leading to a gauntlet.
 13910 | Lair:3   | Killed an eight-headed hydra
 13910 | Lair:3   | Reached skill level 13 in Armour
 13920 | Gauntlet | Entered a Gauntlet
 13920 | Gauntlet | Found a transporter.
 13920 | Gauntlet | Found a transporter.
 13925 | Gauntlet | Found a transporter.
 13940 | Gauntlet | Found a transporter.
 13965 | Gauntlet | Found a transporter.
 13968 | Gauntlet | Found a transporter.
 13986 | Gauntlet | Found a transporter.
 14054 | Gauntlet | Found a transporter.
 14069 | Gauntlet | Found a transporter.
 14071 | Gauntlet | Found a large runed translucent door.
 14072 | Gauntlet | Found a large runed translucent door.
 14073 | Gauntlet | Found a large runed translucent door.
 14073 | Gauntlet | Found a large runed translucent door.
 14084 | Gauntlet | Found a transporter.
 14096 | Gauntlet | Found a transporter.
 14129 | Gauntlet | Found a large runed translucent door.
 14149 | Gauntlet | Found a transporter.
 14196 | Gauntlet | Found a large runed translucent door.
 14197 | Gauntlet | Found a runed translucent door.
 14226 | Gauntlet | Found a transporter.
 14228 | Gauntlet | Found a large runed translucent door.
 14229 | Gauntlet | Found a large runed translucent door.
 14230 | Gauntlet | Found a large runed translucent door.
 14230 | Gauntlet | Found a large runed translucent door.
 14230 | Gauntlet | Found a runed translucent door.
 14231 | Gauntlet | Found a transporter.
 14232 | Gauntlet | Found a large runed translucent door.
 14249 | Gauntlet | Found a large runed translucent door.
 14252 | Gauntlet | Found a large runed translucent door.
 14253 | Gauntlet | Found a large runed translucent door.
 14254 | Gauntlet | Found a runed translucent gate.
 14256 | Gauntlet | Found a transporter.
 14275 | Gauntlet | Found a transporter.
 14275 | Gauntlet | Found a runed translucent gate.
 14912 | Gauntlet | Got a pair of masterwork gloves
 14923 | Gauntlet | Identified the +0 pair of gloves of Death Resistance {-Cast
                  | rPois rN++} (You found it in a Gauntlet)
 14958 | Gauntlet | Noticed a minotaur
 14975 | Gauntlet | Killed a minotaur
 15116 | Lair:3   | Noticed a five-headed hydra
 15127 | Lair:3   | Killed a two-headed hydra
 15229 | Lair:2   | Reached skill level 5 in Shields
 15458 | Lair:2   | Identified a scroll of acquirement
 15458 | Lair:2   | Acquired the amulet "Zaliorr" {Acrobat rElec rPois rF-
                  | Str+8}
 15644 | Lair:2   | Noticed a four-headed hydra
 15646 | Lair:2   | Noticed a four-headed hydra
 15656 | Lair:2   | Killed a one-headed hydra
 15661 | Lair:2   | Killed a one-headed hydra
 15661 | Lair:2   | Reached skill level 14 in Armour
 15766 | Lair:2   | Reached XP level 13. HP: 113/122 MP: 12/12
 16142 | Lair:3   | Noticed Nergalle
 16154 | Lair:3   | Killed Nergalle
 16853 | Lair:4   | Found a staircase to the Snake Pit.
 16976 | Lair:4   | Found a staircase to the Shoals.
 17838 | Lair:5   | Reached skill level 5 in Throwing
 18325 | Lair:5   | Found a viscous altar of Jiyva.
 18325 | Lair:5   | Found a staircase to the Slime Pits.
 18585 | Lair:6   | Entered Level 6 of the Lair of Beasts
 18592 | Lair:6   | Reached skill level 15 in Armour
 18769 | Lair:6   | Found a snail-covered altar of Cheibriados.
 19418 | Lair:6   | Reached XP level 14. HP: 132/132 MP: 13/13
 19516 | Lair:6   | Reached skill level 16 in Armour
 20546 | Snake:1  | Entered Level 1 of the Snake Pit
 20643 | Snake:1  | Noticed Aizul
 20668 | Snake:1  | Killed Aizul
 21198 | Snake:1  | Reached skill level 17 in Armour
 21584 | Snake:1  | Reached skill level 15 in Fighting
 21584 | Snake:1  | Reached skill level 1 in Evocations
 21598 | Snake:1  | Reached skill level 10 in Shields
 22451 | Orc:1    | Noticed Harold
 22452 | Orc:1    | Noticed Maurice
 22476 | Orc:1    | Killed Harold
 22480 | Orc:1    | Killed Maurice
 22674 | Orc:2    | Entered Level 2 of the Orcish Mines
 22674 | Orc:2    | Found a roughly hewn altar of Beogh.
 22674 | Orc:2    | Found Caxkim's Antique Weapon Emporium.
 22698 | Orc:1    | Mangled by an ettin

Illustrated notes

Levels and vault maps discovered:
D:1:      dpeg_arrival_tiny_j, layout_basic
D:2:      layout_basic, kennysheep_generic_room_7, uniq_jessica
D:3:      minmay_razor_zed, layout_basic, grunt_temple_overflow_forces_of_nature
D:4:      layout_loops_ring, nicolae_ru_sacrificial_ziggurat,
          grunt_temple_overflow_cloverleaf, portal_sewer_entry_e,
          minmay_increasing_density
D:5:      cheibrodos_fzero, layout_rooms, uniq_duvessa, uniq_pikel, uniq_grinder
D:6:      layout_basic, minmay_temple_entry_waves
D:7:      layout_rooms, elyvilon_altar_3, minmay_hedge_maze, kennysheep_donut,
          minivault_26, st_stairs_7
D:8:      layout_rooms, grunt_temple_overflow_order_and_chaos_1,
          kennysheep_generic_room_12
D:9:      lemuel_ice_spiral_2, layout_basic, uniq_psyche
D:10:     layout_rooms, erik_lair_orcish_takeover, special_room
          [special_room_orc], serial_shops, shop, hex_intersection,
          grunt_ministairs_3
D:11:     layout_loops_corners, serial_shops, bzr_firewalk
D:12:     layout_long_grid, orc_0_dummy, uniq_erolcha
Temple:   minmay_temple_bridge_abc
Lair:1:   layout_roguey
Lair:2:   layout_regular_city, grunt_megastairs_4
Lair:3:   layout_small_grid, gauntlet_entry_generic, grunt_megastairs_2,
          uniq_nergalle
Lair:4:   layout_gridlike, minmay_shoals_entry_beasts,
          minmay_snake_entry_six_corridors
Lair:5:   layout_cave_pods, dpeg_slime_entry_enclosed_altar,
          chequers_serial_rivers_micro_e
Lair:6:   grunt_lair_end_beastmaster, layout_gridlike, basic_altar, worms_lemuel
Snake:1:  layout_honeycomb, uniq_aizul
Orc:1:    layout_caves, gammafunk_ghost_cemetery, nicolae_volcano_entry_hallway,
          nicolae_orc_flooded_monolith, uniq_harold, uniq_maurice
Orc:2:    grunt_orc_gardens, layout_caves, grunt_orc_garden, grunt_orc_garden,
          grunt_orc_garden, grunt_orc_garden, basic_altar

Skill      XL: |  1  2  3  4  5  6  7  8  9 10 11 12 13 14 |
---------------+-------------------------------------------+-----
Axes           | 4 5 6 7 8 10 12 14 16 | 16.0
Fighting       | 4 5 6 7 9 10 12 13 14 15 | 15.2
Armour         | 3 4 5 6 7 9 10 11 14 15 17 | 17.3
Shields        | 5 8 10 | 10.3
Throwing       | 3 6 |  6.0
Evocations     | 2 |  2.3
Dodging        | 3 |  3.8

Action                   |  1- 3 |  4- 6 |  7- 9 | 10-12 | 13-15 || total
-------------------------+-------+-------+-------+-------+-------++-------
Melee: Hand axe          |    65 |   177 |   143 |   379 |   518 ||  1282
       Headbutt          |    13 |    22 |    45 |   177 |   149 ||   406
       War axe           |       |       |   128 |   276 |       ||   404
Throw: Dart              |       |       |       |    10 |    48 ||    58
Invok: Trog's Hand       |       |     2 |     3 |     5 |     3 ||    13
       Berserk           |       |     1 |     3 |     3 |     1 ||     8
       Brothers in Arms  |       |       |       |    10 |     2 ||    12
Evoke: Wand              |       |       |       |     2 |       ||     2
       Box of beasts     |       |       |       |     3 |       ||     3
       Tin of tremorston |       |       |       |     3 |       ||     3
       Condenser vane    |       |       |       |       |     2 ||     2
  Use: Scroll            |     6 |     5 |    10 |    19 |     1 ||    41
 Stab: Sleeping          |       |       |     4 |     2 |       ||     6
Armor: Animal skin       |     4 |       |       |       |       ||     4
       Scale mail        |    15 |       |       |       |       ||    15
       Plate armour      |       |    48 |       |   197 |   226 ||   471
       Chain mail        |       |    46 |   104 |       |       ||   150
       Ring mail         |       |       |    36 |    22 |       ||    58
Dodge: Dodged            |    39 |    65 |   107 |   135 |   170 ||   516
Block: Buckler           |       |       |    30 |   273 |   149 ||   452
       Reflection        |       |       |       |     3 |       ||     3

Table legend: (Time is in decaauts)
 A = Elapsed time spent in this place.
 B = Non-inter-level travel time spent in this place.
 C = Inter-level travel time spent in this place.
 D = Time resting spent in this place.
 E = Time spent auto-exploring this place.
 F = Levels seen in this place.
 G = Mean time per level.
                   A        B        C        D        E       F      G
               +--------+--------+--------+--------+--------+-----+--------+
         Total |  22437 |  20905 |   1532 |   2744 |  13856 |  24 |  934.9 |
       Dungeon |  11413 |  10416 |    997 |   1438 |   6890 |  12 |  951.1 |
        Temple |    202 |    179 |     23 |      0 |    179 |   1 |  202.0 |
          Lair |   7600 |   7168 |    432 |    644 |   5272 |   6 | 1266.7 |
     Snake Pit |   1625 |   1549 |     76 |    468 |    856 |   1 | 1625.0 |
  Orcish Mines |    285 |    284 |      1 |      6 |    174 |   2 |  142.5 |
         Sewer |    154 |    154 |      0 |     10 |    109 |   1 |  154.0 |
      Gauntlet |   1154 |   1154 |      0 |    176 |    375 |   1 | 1154.0 |
               +--------+--------+--------+--------+--------+-----+--------+

Top non-repeatable levels by time:
  Lair:6: 1872 daAuts
 Snake:1: 1625 daAuts
     D:4: 1534 daAuts
  Lair:1: 1367 daAuts
  Lair:3: 1286 daAuts
Gauntlet: 1154 daAuts
     D:7: 1142 daAuts
  Lair:2: 1133 daAuts
     D:3: 1111 daAuts
    D:11: 1084 daAuts
  Lair:4: 1080 daAuts
    D:12: 962 daAuts
     D:5: 953 daAuts
     D:1: 950 daAuts
     D:6: 888 daAuts
